Map: Incorporeal LE

Players

phantom - Winner!

  • Race: Terran Terran
  • League: Diamond
  • Spawn Location: 5:00

SubN

  • Race: Zerg Zerg
  • League: Diamond
  • Spawn Location: 11:00

VOD

Have the link to the VOD?

Description

Time

  • Played on: Aug. 5, 2025, 3:19 p.m.
  • Length: 7:19
Show
View Real Time Build Order
Export as new Build Order

phantom Terran - Winner!

Build Orders:  

Get SALT Encoding   

  12  0:00  SCV  
  13  0:12  SCV  
  14  0:17  Supply Depot  
  14  0:25  SCV  
  15  0:38  SCV  
  16  0:43  Barracks  
  16  0:44  Refinery  
  16  0:50  SCV  
  17  1:03  SCV  
  18  1:15  SCV  
  20  1:34  Orbital Command  
  20  1:35  Reaper  
  20  1:42  Command Center  
  20  1:53  Supply Depot  
  20  2:01  SCV  
  20  2:07  Marine  
  22  2:14  SCV  
  23  2:20  Factory  
  23  2:21  Refinery  
  23  2:26  Bunker, SCV  
  24  2:31  Barracks Reactor  
  24  2:38  SCV  
  25  2:50  SCV  
  26  2:51  Barracks  
  27  2:59  Supply Depot  
  27  3:00  Orbital Command  
  26  3:05  SCV  
  27  3:13  Starport  
  27  3:16  Barracks Tech Lab  
  26  3:21  Hellion  
  26  3:26  Supply Depot  
  28  3:31  Hellion  
  28  3:33  SCV  
  31  3:39  Stimpack  
  31  3:41  SCV  
  32  3:48  SCV  
  32  3:53  SCV  
  34  4:00  SCV  
  35  4:07  SCV  
  36  4:10  Hellion x2  
  36  4:11  Medivac  
  36  4:13  SCV  
  36  4:15  Armory  
  43  4:19  SCV  
  43  4:23  Barracks  
  44  4:25  SCV  
  44  4:26  Barracks, Marine  
  46  4:31  SCV  
  47  4:40  Hellion  
  47  4:41  Hellion  
  47  4:42  SCV  
  47  4:43  SCV  
  53  4:57  Barracks Reactor  
  53  4:58  Medivac  
  55  5:02  Hellion x2  
  55  5:03  Marauder  
  62  5:07  SCV  
  62  5:12  Supply Depot  
  62  5:15  Supply Depot  
  62  5:16  Supply Depot  
  62  5:20  SCV  
  63  5:24  Marine  
  63  5:28  Medivac  
  66  5:36  Marine x4  
  66  5:39  Hellion x2  
  66  5:42  Marine  
  75  5:43  Supply Depot  
  75  5:46  Supply Depot, Concussive Shells  
  75  5:50  SCV  
  75  5:51  SCV  
  75  5:53  Marine  
  75  5:54  Marine x3  
  81  6:01  Marauder  
  81  6:03  SCV  
  81  6:04  SCV  
  85  6:11  Marine x2  
  85  6:15  SCV  
  88  6:20  Command Center  
  88  6:21  Marine x2  
  88  6:23  Marauder  
  88  6:24  Hellion  
  88  6:25  Hellion  
  96  6:28  Liberator  
  96  6:29  Marine  
  96  6:30  SCV  
  101  6:38  Supply Depot  
  101  6:40  Supply Depot  
  101  6:44  Marauder  
Show
View Real Time Build Order
Export as new Build Order

SubN Zerg 

Build Orders: Hatch First 

Get SALT Encoding   

  12  0:00  Drone  
  13  0:08  Drone  
  14  0:14  Extractor  
  14  0:16  Drone  
  15  0:22  Overlord  
  15  0:41  Drone  
  16  0:46  Hatchery  
  15  0:51  Drone  
  15  0:54  Drone  
  17  1:08  Spawning Pool  
  16  1:11  Drone  
  16  1:15  Drone  
  18  1:25  Extractor  
  18  1:27  Drone x2  
  19  1:55  Queen  
  19  2:00  Zergling x4  
  19  2:01  Zergling x2  
  24  2:04  Drone  
  24  2:07  Queen  
  27  2:09  Overlord  
  27  2:14  Drone  
  28  2:24  Overlord  
  28  2:27  Metabolic Boost  
  28  2:40  Drone x3  
  31  2:54  Queen  
  31  2:55  Hatchery  
  32  3:07  Drone x5  
  37  3:20  Drone x5  
  42  3:40  Spore Crawler  
  41  3:43  Drone x3  
  41  3:48  Spore Crawler  
  43  3:57  Overlord x2  
  43  3:58  Overlord  
  43  4:07  Zergling x2, Queen x2  
  43  4:09  Overlord x3  
  47  4:12  Queen  
  49  4:18  Drone  
  49  4:20  Drone  
  49  4:22  Drone x3  
  49  4:23  Extractor  
  53  4:26  Drone x2  
  53  4:27  Drone  
  56  4:37  Drone x2  
  58  4:39  Extractor  
  58  4:40  Drone, Roach Warren  
  58  4:41  Drone  
  58  4:42  Extractor  
  58  4:43  Drone  
  58  4:45  Drone  
  59  4:53  Lair  
  59  4:59  Drone x2  
  61  5:01  Queen  
  61  5:03  Drone x2  
  61  5:06  Drone  
  66  5:07  Drone  
  67  5:16  Zergling x10  
  72  5:31  Drone  
  73  5:37  Drone x10  
  73  5:40  Drone  
  84  5:50  Drone x2  
  84  5:53  Extractor  
  85  5:58  Glial Reconstitution  
  85  6:00  Drone, Infestation Pit  
  85  6:03  Baneling Nest, Overseer  
  85  6:04  Overseer  
  84  6:07  Overlord x2  
  84  6:10  Drone x2  
  86  6:21  Drone  
  86  6:22  Drone  
  86  6:23  Drone  
  89  6:29  Hatchery  
  89  6:30  Overlord  
  89  6:31  Overlord, Hydralisk Den  
  87  6:39  Extractor  
  86  6:42  Drone x2  
  88  6:51  Zergling x2  
  88  6:52  Zergling x18  
  98  7:01  Baneling x2  
  98  7:02  Baneling x5  
Tags
 
Matchup
TvZ
Replay Pack
replays
Spawn Locations
Cross Positions
Add a new tag
Caveats
  • Supply blocks, unpowered buildings, or Contaminate may cause inaccurate times.
  • Supply counts are checked every 10 seconds.